 Dungeon Crawl Stone Soup version 0.21-a0-401-g0b6bec4 (webtiles) character file.

635 Coron the Chopper (level 7, -2/61 HPs)
             Began as a Pale Draconian Monk on Oct 25, 2017.
             Was a Priest of Nemelex Xobeh.
             Slain by an ice beast (4 damage)
             ... on level 5 of the Dungeon.
             The game lasted 00:11:39 (4317 turns).

Coron the Chopper (Pale Draconian Monk)             Turns: 4317, Time: 00:11:40

Health: -2/61      AC:  7    Str: 15    XL:     7   Next: 25%
Magic:  8/8        EV: 15    Int: 10    God:    Nemelex Xobeh [***...]
Gold:   207        SH:  0    Dex: 14    Spells: 6/7 levels left

rFire    . . .     SeeInvis .   a - +0 hand axe
rCold    . . .     Gourm    +   (no shield)
rNeg     . . .     Faith    .   (armour unavailable)
rPois    .         Spirit   .   (helmet restricted)
rElec    .         Reflect  .   (no cloak)
rCorr    .         Harm     .   (no gloves)
MR       .....                  m - +0 pair of boots
Stlth    ++........             k - amulet of the gourmand
HPRegen  0.20/turn              l - +2 ring of evasion
MPRegen  0.11/turn              (no ring)

@: short of breath
A: breathe steam, unfitting armour, cold-blooded, AC +6
a: Breathe Steam, Triple Draw, Renounce Religion


You were on level 5 of the Dungeon.
You worshipped Nemelex Xobeh.
Nemelex Xobeh was most pleased with you.
You were completely stuffed.

You visited 1 branch of the dungeon, and saw 5 of its levels.

You collected 207 gold pieces.

Inventory:

Hand Weapons
 a - a +0 hand axe (weapon)
Missiles
 d - 7 javelins (quivered)
 s - 3 tomahawks
Armour
 m - a +0 pair of boots (worn)
Jewellery
 k - an amulet of the gourmand (around neck)
 l - a +2 ring of evasion (left hand)
 t - an uncursed amulet of faith
Wands
 y - a wand of confusion (13/48)
 C - a wand of confusion (38/48)
Scrolls
 e - a scroll of identify
 g - 3 scrolls of amnesia
 i - a scroll of fear
 j - 4 scrolls of remove curse
 n - a scroll of fog {unknown}
 o - a scroll of immolation {unknown}
 p - a scroll of enchant armour {unknown}
 D - a scroll of magic mapping {unknown}
 F - a scroll of enchant weapon {unknown}
 H - a scroll of random uselessness {unknown}
Potions
 h - a potion of curing
 r - a potion of haste {unknown}
 z - 2 potions of might
 A - a potion of degeneration {unknown}
 B - 2 potions of lignification {unknown}
 I - a potion of mutation {unknown}
 K - a potion of magic {unknown}
Books
 L - a book of Battle

   Spells                             Type                      Level
   a - Infusion                       Charms                       1
   b - Shroud of Golubria             Charms/Translocation         2
   c - Song of Slaying                Charms                       2
   d - Spectral Weapon                Hexes/Charms                 3
   e - Regeneration                   Charms/Necromancy            3
Miscellaneous
 u - a plain deck of destruction {drawn: 5}
 v - a plain deck of summoning {drawn: 1}
 w - a plain deck of summoning
 x - a plain deck of summoning
 E - a plain deck of summoning
 G - an ornate deck of escape
Comestibles
 b - 7 bread rations
 c - 4 royal jellies
 f - 5 fruits
 q - 4 meat rations
 J - 7 chunks of flesh


   Skills:
 - Level 5.1 Fighting
 - Level 7.1 Axes
 - Level 3.1 Dodging
 - Level 2.2 Stealth
 + Level 0.9 Spellcasting


You had 6 spell levels left.
You knew the following spells:

 Your Spells              Type           Power        Failure   Level  Hunger
a - Infusion              Chrm           #...         34%         1    ##.....


Dungeon Overview and Level Annotations

Branches:
Dungeon (5/15)
 Temple: D:4-7

Altars:
Nemelex Xobeh
Sif Muna
Yredelemnul


Innate Abilities, Weirdness & Mutations

You can breathe blasts of scalding, opaque steam.
Your pale cyan-grey scales are hard. (AC +6)
You cannot fit into any form of body armour.
You are cold-blooded and may be slowed by cold attacks.


Message History

Press: ? - help, Shift-Dir - straight line, f - ice beast
Aim: an ice beast (heavily wounded)
You exhale a blast of scalding steam.
The ball of steam hits the ice beast.
The ice beast is heavily wounded.
You feel somewhat less full. The bullfrog zombie hits you.
* * * LOW HITPOINT WARNING * * *
The ice beast is engulfed in a cloud of scalding steam.
The ice beast hits you but does no damage.
The bullfrog zombie hits you.
* * * LOW HITPOINT WARNING * * *
The ice beast misses you.
You hit the ice beast.
The ice beast is almost dead.
You hit the bullfrog zombie but do no damage.
You feel yourself speed up. The bullfrog zombie barely misses you.
The ice beast is engulfed in a cloud of scalding steam.
The ice beast hits you.
You die...
Your body glows with a rainbow of weird colours and disappears.

.# .# .# ####### .##
##.....## ..########
##.......## #....#...##
#.........# #.........##
#.........#
...........###.........#
.............#..@Z..$..#
...........#....Y......#
..........#####.ยง.....##
##.......###. .........#
##.###.## . #.........#
#......#.# #.........#
#####..#.# #...>.....#
###....###.........#
#.)).###.......


You could see an ice beast and a bullfrog zombie.

Vanquished Creatures
  A porcupine (D:4)
  An ogre (D:4)
  3 crimson imps
  A centaur zombie (D:4)
  2 orc priests
  A bullfrog skeleton (D:5)
  A centaur skeleton (D:4)
  An orc wizard (D:5)
  3 adders
  2 oozes (D:2)
  An adder skeleton (D:5)
  3 worms
  4 dart slugs
  5 leopard geckos
  13 orcs
  3 giant cockroaches
  14 goblins
  10 hobgoblins
  7 kobolds
  A quokka (D:2)
  A ball python (D:2)
  7 bats
  10 frilled lizards
  A quokka zombie (D:2)
  4 rats
  A spectral orc (D:4)
101 creatures vanquished.

Vanquished Creatures (collateral kills)
  A phantom (D:4)
  An iguana (D:4)
  A quokka (D:4)
3 creatures vanquished.

Grand Total: 104 creatures vanquished

Notes
Turn   | Place    | Note
-------+----------+-------------------------------------------
     0 | D:1      | Coron the Draconian Monk began the quest for the Orb.
     0 | D:1      | Reached XP level 1. HP: 19/19 MP: 1/1
   282 | D:1      | Reached XP level 2. HP: 21/26 MP: 2/2
   763 | D:1      | Reached XP level 3. HP: 28/33 MP: 3/3
  1240 | D:2      | Reached XP level 4. HP: 39/40 MP: 4/4
  1320 | D:2      | Reached skill level 4 in Axes
  1944 | D:3      | Found a sparkling altar of Nemelex Xobeh.
  1950 | D:3      | Found a deep blue altar of Sif Muna.
  1988 | D:3      | Became a worshipper of Nemelex Xobeh the Trickster
  1988 | D:3      | Received a gift from Nemelex Xobeh
  1988 | D:3      | Reached * piety under Nemelex Xobeh
  1988 | D:3      | Received a gift from Nemelex Xobeh
  1988 | D:3      | Received a gift from Nemelex Xobeh
  1988 | D:3      | Reached ** piety under Nemelex Xobeh
  2015 | D:3      | Received a gift from Nemelex Xobeh
  2718 | D:3      | Reached XP level 5. HP: 24/46 MP: 5/5
  2916 | D:4      | Noticed a porcupine
  2916 | D:4      | a scorpion changed into a porcupine
  2919 | D:4      | Killed a porcupine
  2919 | D:4      | Reached skill level 5 in Axes
  2931 | D:4      | Noticed an ogre
  2944 | D:4      | HP: 1/46 [ogre/giant spiked club (24)]
  2955 | D:4      | Killed an ogre
  2955 | D:4      | Reached skill level 6 in Axes
  2955 | D:4      | Reached XP level 6. HP: 3/52 MP: 6/6
  3511 | D:4      | Received a gift from Nemelex Xobeh
  3612 | D:4      | Reached skill level 7 in Axes
  3733 | D:4      | Found a basalt altar of Yredelemnul.
  3888 | D:4      | Your scales start taking on a pale cyan-grey colour.
  3888 | D:4      | Reached XP level 7. HP: 33/60 MP: 7/7
  3921 | D:5      | Entered Level 5 of the Dungeon
  3988 | D:5      | Received a gift from Nemelex Xobeh
  4109 | D:5      | Reached *** piety under Nemelex Xobeh
  4163 | D:5      | Reached skill level 5 in Fighting
  4251 | D:5      | Learned a level 1 spell: Infusion
  4316 | D:5      | HP: 3/61 [bullfrog zombie (2)]
  4317 | D:5      | Slain by an ice beast

Vault maps used:
D:1:      onia_arrival_mini_maze_b, minmay_pentomino_t2
D:2:      kennysheep_the_goblin_king, first_bread, patterned_corridor
D:3:      chequers_temple_overflow_statue_of_worship, columned_hall_lemuel,
          minmay_misc_feat_room
D:4:      yredelemnul_forgotten_temple_becter, minmay_lizard_king
D:5:      minmay_temple_entry_glassed_door, serial_curves, eino_curves_02,
          eino_curves_03, minmay_misc_feat_square

Skill      XL: |  1  2  3  4  5  6  7 |
---------------+----------------------+-----
Stealth        | 2 |  2.2
Dodging        | 3 |  3.1
Fighting       | 4 5 |  5.1
Axes           | 4 6 7 |  7.1
Spellcasting   | |  0.9

Action                   |  1- 3 |  4- 6 |  7- 9 || total
-------------------------+-------+-------+-------++-------
Melee: Hand axe          |   116 |   164 |    71 ||   351
       Tailslap          |    11 |    15 |     8 ||    34
 Abil: Breathe Steam     |       |       |     1 ||     1
Evoke: Deck              |       |     6 |       ||     6
  Use: Scroll            |     2 |     5 |     1 ||     8
 Stab: Sleeping          |     2 |     7 |       ||     9
       Distracted        |     1 |     1 |       ||     2
  Eat: Chunk             |    16 |     9 |     1 ||    26
Armor: Skin              |    30 |    28 |    33 ||    91
Dodge: Dodged            |    89 |    92 |    65 ||   246

Table legend:
 A = Spawn XP
 B = Non-spawn XP
 C = Spawn XP percentage of total XP
 D = Spawn monster count
 E = Non-spawn monster count
 F = Spawn count percentage of total count
 G = Total turns spent on level
                    A         B        C        D         E        F      G
               +---------+---------+-------+---------+---------+-------+---------
         Total |       0 |     908 |   0.0 |       0 |     104 |   0.0 |  4317
               +---------+---------+-------+---------+---------+-------+---------
           D:1 |       0 |      52 |   0.0 |       0 |      26 |   0.0 |  1000
           D:2 |       0 |      80 |   0.0 |       0 |      28 |   0.0 |   821
           D:3 |       0 |      77 |   0.0 |       0 |      18 |   0.0 |  1088
           D:4 |       0 |     541 |   0.0 |       0 |      22 |   0.0 |  1012
           D:5 |       0 |     158 |   0.0 |       0 |      10 |   0.0 |   396
               +---------+---------+-------+---------+---------+-------+---------
